 Dungeon Crawl Stone Soup version 0.29-a0-885-gb26ba3297d (webtiles) character file.

Game seed: 6611274216641955673

257 Spectrina the Magician (level 6, -2/42 HPs)
             Began as a Djinni Arcane Marksman on July 20, 2022.
             Was a Follower of Uskayaw.
             Killed by divine providence
             ... invoked by an orc priest
              (16 damage)
             ... on level 6 of the Dungeon on July 21, 2022.
             The game lasted 00:17:11 (1670 turns).

Spectrina the Magician (Djinni Arcane Marksman)     Turns: 1670, Time: 00:17:12

Health: -2/42      AC: 14    Str:  9    XL:     6   Next: 39%
Gold:   147        EV: 10    Int: 14    God:    Uskayaw [*.....] SH:  0 Dex: 18

rFire   + + .      SeeInvis .   a - +0 sling
rCold   x . .      Faith    .   (no shield)
rNeg    . . .      Spirit   .   n - +5 ring mail "Tamit" {Will+ Int-2 Dex+4}
rPois   ∞          Reflect  .   e - +0 helmet
rElec   .          Harm     .   (no cloak)
rCorr   .          Rampage  .   y - +2 pair of gloves
Will    +....                   (boots unavailable)
Stlth   ++........              (no amulet)
HPRegen 0.14/turn               (no ring)
MPRegen 0.00/turn               (no ring)

@: portalling projectiles, flying
A: sickness immunity, fire resistance 2, cold vulnerability 1, float, innate
caster, HP casting, extra vitality 1
a: Renounce Religion, Stomp


You were on level 6 of the Dungeon.
You worshipped Uskayaw.
Uskayaw was noncommittal.
You visited 2 branches of the dungeon, and saw 7 of its levels.

You collected 147 gold pieces.

Inventory:

Hand Weapons
 a - a +0 sling (weapon)
 b - a +0 dagger of protection
 q - a +0 scimitar
 u - a +0 rapier
Armour
 c - a +0 robe
 e - a +0 helmet (worn)
 n - the +5 ring mail "Tamit" (worn) {Will+ Int-2 Dex+4}
   (You found it on level 4 of the Dungeon)

   Int:       It affects your intelligence (-2).
   Dex:       It affects your dexterity (+4).
   Will:      It increases your willpower.
 y - a +2 pair of gloves (worn)
Magical Staves
 i - a staff of fire
Wands
 x - a wand of iceblast (4)
Scrolls
 d - 4 scrolls of identify {unknown}
 f - 4 scrolls of vulnerability
 g - a scroll of fog {unknown}
 h - 3 scrolls of teleportation {unknown}
 j - 2 scrolls of enchant weapon {unknown}
 k - 2 scrolls of magic mapping {unknown}
 l - 2 scrolls of fear {unknown}
 t - a scroll of poison {unknown}
 v - a scroll of amnesia {unknown}
Potions
 m - a potion of might {unknown}
 o - 2 potions of brilliance {unknown}
 p - 4 potions of curing
 r - 2 potions of haste {unknown}
 s - a potion of mutation {unknown}
 w - a potion of attraction {unknown}


   Skills:
 - Level 1.0 Fighting
 - Level 1.5 Ranged Weapons
 - Level 2.1 Dodging
 + Level 2.0 Stealth
 * Level 4.4 Spellcasting
 + Level 2.1 Invocations


You couldn't memorise any spells.
You knew the following spells:

 Your Spells              Type           Power      Damage    Failure   Level
a - Slow                  Hex            60%        N/A       9%          1
b - Blink                 Tloc           30%        N/A       13%         2
i - Inner Flame           Hex/Fire       15%        N/A       26%         3
m - Cause Fear            Hex            7%         N/A       63%         4
x - Beastly Appendage     Tmut           30%        N/A       9%          1
y - Portal Projectile     Hex/Tloc       30%        N/A       26%         3
Your spell library was empty.

Dungeon Overview and Level Annotations

Branches:
Dungeon (5/15)             Temple (1/1) D:4

Altars:
Ashenzari
Cheibriados
Elyvilon
Fedhas
Makhleb
Nemelex Xobeh
Okawaru
Qazlal
Trog
Uskayaw
Wu Jian
Xom
Zin
The Shining One

Shops:
D:2 [


Innate Abilities, Weirdness & Mutations

You are immune to sickness and miasma.
You are immune to poison.
Your flesh is very heat resistant. (rF++)
You are vulnerable to cold. (rC-)
You float through the air rather than walking.
You learn spells naturally, not from books.
Your magical power is your life essence.
You have superior vitality. (+4 MHP)


Message History

Unknown command.
Unknown command.
Okay, then.
Casting: Inner Flame (quite dangerous; 26% risk of failure)
Confirm with . or Enter, or press ? or * to list all spells.
The spell is quite dangerous to miscast (26% risk of failure)!
Continue anyway?
Aiming: Inner Flame (quite dangerous; 26% risk of failure)
Press: ? - help, Dir - move target, f - orc priest
Aim: an orc priest, wielding a +0 short sword and wearing a +0 leather armour (chance to affect: 69%)
The orc priest struggles to resist.
Unknown command.
Casting: Inner Flame (quite dangerous; 26% risk of failure)
Confirm with . or Enter, or press ? or * to list all spells.
The spell is quite dangerous to miscast (26% risk of failure)!
Continue anyway?
Aiming: Inner Flame (quite dangerous; 26% risk of failure)
Press: ? - help, Dir - move target, f/p - orc priest
Aim: an orc priest, wielding a +0 short sword and wearing a +0 leather armour (chance to affect: 69%)
The orc priest is filled with an inner flame.
The orc warrior unwields a +0 long sword.
The orc warrior wields a +0 arbalest.
The orc warrior shoots a bolt.
The bolt hits you.
Unknown command.
Unknown command.
Casting: Inner Flame (quite dangerous; 26% risk of failure)
Confirm with . or Enter, or press ? or * to list all spells.
The spell is quite dangerous to miscast (26% risk of failure)!
Continue anyway?
You begin teleporting projectiles to their destination.
Unknown command.
Fire: a) +0 sling
Press: ? - help, Q - select action, (/) - cycle Shift-Dir - straight line, f/p - orc priest
Aim: an orc priest, wielding a +0 short sword and wearing a +0 leather armour (inner flame, 57% to hit)
You magically shoot a sling bullet.
The sling bullet hits the orc priest.
Flame seeps out of the orc priest.
The orc priest is moderately wounded.
The orc warrior shoots a bolt.
The bolt hits you!
The orc priest is engulfed in blazing flames.
Flame seeps out of the orc priest.
The orc priest mumbles some strange prayers to Beogh against you.
Beogh smites you!
You die... #.........# +......... ........ ......####+### ..... ....... ooo

.≈...≈. #o# .≈._.≈.
#.###.≈...≈.
#@#.'.......
##.#.####+#### ##....#
#..##.#
#.....###.###.#
##..........#.#
####.#.#####.#.#####
....................#
.####.#.......#####.##
#.#...............


You could see an orc warrior, an orc priest (inner flame) and 2 orcs.

Vanquished Creatures
  2 centaurs
  An iguana (D:3)
  An adder (D:4)
  An ufetubus (D:4)
  A worm (D:2)
  2 dart slugs
  2 orcs
  11 ball pythons
  5 endoplasms
  2 giant cockroaches
  5 goblins
  4 hobgoblins
  7 kobolds
  2 bats
  5 frilled lizards
  8 rats
59 creatures vanquished.

Notes
Turn   | Place    | Note
-------+----------+-------------------------------------------
     0 | D:1      | Spectrina the Djinni Arcane Marksman began the quest for
                  | the Orb.
     0 | D:1      | Spectrina set off with the following spells memorised:
                  | Slow, Inner Flame, Portal Projectile, Cause Fear.
     0 | D:1      | Reached XP level 1. HP: 17/17 MP: 0/0
   139 | D:1      | Reached XP level 2. HP: 20/22 MP: 0/0
   229 | D:2      | Reached skill level 3 in Spellcasting
   242 | D:2      | Found Butsoef's Antique Armour Shop.
   273 | D:2      | Reached XP level 3. HP: 25/27 MP: 0/0
   273 | D:2      | Learned a level 1 spell: Beastly Appendage
   383 | D:4      | Found a staircase to the Ecumenical Temple.
   407 | Temple   | Entered the Ecumenical Temple
   556 | Temple   | Became a worshipper of Uskayaw the Reveller
   572 | D:4      | Reached * piety under Uskayaw
   588 | D:4      | Identified the +5 ring mail "Tamit" {Will+ Int-2 Dex+4}
   647 | D:4      | Reached ** piety under Uskayaw
   671 | D:5      | Entered Level 5 of the Dungeon
   698 | D:4      | Noticed a centaur
   718 | D:4      | Reached *** piety under Uskayaw
   735 | D:4      | Killed a centaur
   736 | D:4      | Reached skill level 1 in Stealth
   736 | D:4      | Reached skill level 1 in Invocations
   736 | D:4      | Reached XP level 4. HP: 11/32 MP: 0/0
   736 | D:4      | Reached XP level 5. HP: 13/37 MP: 0/0
   736 | D:4      | Learned a level 2 spell: Blink
   807 | D:3      | Reached skill level 4 in Spellcasting
  1477 | D:4      | You are sucked into a shaft and drop 2 floors!
  1512 | D:6      | Noticed a centaur
  1588 | D:6      | Killed a centaur
  1589 | D:6      | Reached XP level 6. HP: 33/42 MP: 0/0
  1656 | D:6      | Found a stormy altar of Qazlal.
  1665 | D:6      | Noticed an orc warrior
  1670 | D:6      | Killed from afar by an orc priest

Illustrated notes

Levels and vault maps discovered:
D:1:      minmay_arrival_diagonal_passages, layout_loops_ring,
          basic_ecumenical_altar
D:2:      layout_loops_ring, serial_shops, nicolae_shop_stone
D:3:      layout_loops_corners, mainiacjoe_overflow_chevrons,
          mainiacjoe_overflow_alcove_4
D:4:      layout_rooms, minmay_temple_entry_large_hall, serial_glass,
          glass_columns_a, glass_columns_b, uniq_menkaure
D:5:      layout_gridville, nzn_hepliaklqana_mist_gate, serial_glass,
          glass_columns_b, glass_columns_a, due_unseen_surprise,
          minmay_strange_pillars, minmay_strange_pillars, uniq_grinder
D:6:      layout_loops_corners, mainiacjoe_overflow_six_doors_small,
          pf_just_have_faith, minmay_crystal_water, corexii_corridor_pit,
          minmay_misc_feat_nine_boxes
Temple:   eino_narrow_crystal_temple

Skill      XL: |  1  2  3  4  5 |
---------------+----------------+-----
Spellcasting   | 3 4 |  4.4
Stealth        | 1 2 |  2.0
Invocations    | 1 2 |  2.1
Fighting       | |  1.0
Ranged Weapons | |  1.5
Dodging        | |  2.1

Action                   |  1- 3 |  4- 6 || total
-------------------------+-------+-------++-------
Melee: Dagger            |    69 |    91 ||   160
       Punch             |     1 |     2 ||     3
       Headbutt          |     1 |       ||     1
       Scimitar          |       |     7 ||     7
 Fire: Sling             |    65 |    36 ||   101
 Cast: Beastly Appendage |     1 |       ||     1
       Inner Flame       |       |     2 ||     2
       Portal Projectile |       |     1 ||     1
Invok: Stomp             |       |     1 ||     1
  Use: Potion            |     1 |       ||     1
 Stab: Paralysed         |     1 |       ||     1
Armor: Robe              |    17 |       ||    17
       Ring mail         |    49 |    76 ||   125
Dodge: Dodged            |    71 |    62 ||   133

Table legend: (Time is in decaauts)
 A = Elapsed time spent in this place.
 B = Non-inter-level travel time spent in this place.
 C = Inter-level travel time spent in this place.
 D = Time resting spent in this place.
 E = Time spent auto-exploring this place.
 F = Levels seen in this place.
 G = Mean time per level.
                   A        B        C        D        E       F      G
               +--------+--------+--------+--------+--------+-----+--------+
         Total |   1691 |   1649 |     42 |      0 |      0 |   7 |  241.6 |
       Dungeon |   1534 |   1497 |     37 |      0 |      0 |   6 |  255.7 |
        Temple |    157 |    152 |      5 |      0 |      0 |   1 |  157.0 |
               +--------+--------+--------+--------+--------+-----+--------+

Top non-repeatable levels by time:
     D:2: 372 daAuts
     D:1: 364 daAuts
     D:3: 328 daAuts
     D:4: 265 daAuts
     D:6: 194 daAuts
  Temple: 157 daAuts
     D:5: 8 daAuts
